 Dungeon Crawl Stone Soup version 0.25-b1-46-gb8a1ec05df (webtiles) character file.

Game seed: 15159509782269787619

61755 Kerr0r the Severer (level 15, -1/147 HPs)
             Began as a Hill Orc Berserker on June 9, 2020.
             Was a High Priest of Trog.
             Slain by an orc
             ... wielding a +1 hand axe of electrocution
              (20 damage)
             ... while paralysed by an orc sorcerer
             ... on level 1 of the Orcish Mines on June 10, 2020.
             The game lasted 02:03:09 (31773 turns).

Kerr0r the Severer (Hill Orc Berserker)            Turns: 31773, Time: 02:03:09

Health: -1/147     AC:  6    Str: 27    XL:     15   Next: 4%
Magic:  15/15      EV:  2    Int:  7    God:    Trog [*****.]
Gold:   1244       SH:  0    Dex: 10    Spells: 14/14 levels left

rFire    . . .     SeeInvis .   b - +4 executioner's axe
rCold    . . .     Gourm    .   (shield currently unavailable)
rNeg     . . .     Faith    .   C - +1 plate armour
rPois    .         Spirit   .   M - +0 helmet
rElec    .         Reflect  .   T - +0 cloak
rCorr    .         Harm     .   n - +0 pair of gloves
MR       ++...                  (no boots)
Stlth    ..........             t - amulet of the acrobat
HPRegen  0.34/turn              E - ring of stealth
MPRegen  0.14/turn              S - ring of protection from magic

@: paralysed, corroded, berserk cooldown, slowed, lightly drained
A: no striking features
a: Berserk, Trog's Hand, Brothers in Arms, Renounce Religion, Convert to Beogh


You were on level 1 of the Orcish Mines.
You worshipped Trog.
Trog was extremely pleased with you.
You were very hungry.

You visited 3 branches of the dungeon, and saw 18 of its levels.
You also visited: Ossuary and Gauntlet.

You collected 1614 gold pieces.
You spent 370 gold pieces at shops.

Inventory:

Hand Weapons
 b - a +4 executioner's axe (weapon)
 i - a +4 glaive of flaming
 u - a +4 battleaxe of flaming
 O - a +2 antimagic broad axe
 P - a +3 war axe
 Y - the +2 battleaxe "Fivu" {flame, Dex+4}
   (Trog gifted it to you on level 3 of the Lair of Beasts)

   It has been specially enchanted to burn those struck by it, causing extra
   injury to most foes and up to half again as much damage against particularly
   susceptible opponents.
   Big, fiery blades are also staple armaments of hydra-hunters.
   It affects your dexterity (+4).
Missiles
 m - 715 stones (quivered)
Armour
 n - a +0 pair of gloves (worn)
 C - a +1 plate armour (worn)
 M - a +0 helmet (worn)
 Q - a +0 robe
 T - a +0 cloak (worn)
Jewellery
 s - an uncursed ring of ice
 t - an amulet of the acrobat (around neck)
 E - a ring of stealth (left hand)
 I - a +6 ring of intelligence {unknown}
 S - a ring of protection from magic (right hand)
 X - an uncursed ring of protection from fire {unknown}
Wands
 o - a wand of paralysis (3)
 q - a wand of random effects (16)
 B - a wand of flame (46)
 U - a wand of iceblast (15)
 V - a wand of acid (12)
 Z - a wand of clouds (8)
Scrolls
 a - 2 scrolls of fog
 f - 11 scrolls of random uselessness
 l - 15 scrolls of remove curse
 p - 6 scrolls of enchant weapon
 v - a scroll of magic mapping
 x - 4 scrolls of identify
 D - 7 scrolls of teleportation
 R - a scroll of blinking {unknown}
Potions
 d - 5 potions of heal wounds
 e - 2 potions of resistance {unknown}
 g - a potion of haste {unknown}
 h - 5 potions of flight
 j - 4 potions of ambrosia {unknown}
 k - 10 potions of curing
 w - a potion of invisibility {unknown}
 z - 3 potions of brilliance {unknown}
 A - a potion of magic {unknown}
 F - 4 potions of stabbing
 H - 4 potions of lignification
 J - 3 potions of mutation
 K - a potion of might {unknown}
 L - a potion of cancellation
 N - 3 potions of berserk rage
Miscellaneous
 r - a phantom mirror
Comestibles
 c - 32 rations


   Skills:
 + Level 17.2(16.8) Fighting
 + Level 18.4(18.0) Axes
 - Level 1.0(10.4) Polearms
 * Level 15.4(15.0) Armour
 - Level 3.9(3.6) Dodging


You had 14 spell levels left.
You didn't know any spells.
Your spell library was empty.

Dungeon Overview and Level Annotations

Branches:
Dungeon (10/15)            Temple (0/1) D:6            Lair (6/6) D:8
 Shoals (0/4) Lair:3        Snake (0/4) Lair:3        Slime (0/5) Lair:6
    Orc (2/2) D:10            Elf (0/3) Orc:2       Ossuary (visited)
Gauntlet (visited)

Altars:
Cheibriados
Fedhas
Gozag
Hepliaklqana
Kikubaaqudgha
Nemelex Xobeh
Vehumet
Xom
Yredelemnul
Beogh
Jiyva

Shops:
D:4 *   Orc:2 (:![

Annotations:
D:4 Edmund
Lair:5 1 runed translucent door, exclusion: 2 oklob plants, Jabberih's ghost, journeyman DrIE
Lair:6 1 runed translucent door


Message History

The orc priest invokes the aid of Beogh against you.
Beogh smites you! The rust devil hits you. The rust devil corrodes you!
The orc warrior hits you from afar with a +0 halberd!
The orc hits you but does no damage.
The orc hits you from afar with a +0 trident.
The orc priest shouts, "Join the one true god or die!"
The orc priest hits you but does no damage.
The rust devil hits you. The rust devil corrodes you!
The orc hits you but does no damage.
You are electrocuted!
The orc warrior hits you from afar with a +0 halberd!
The orc hits you but does no damage.
The orc priest hits you but does no damage.
The rust devil hits you. The rust devil corrodes you!
The orc sorcerer points at you and mumbles some strange words.
The bolt of fire hits you!!!
* * * LOW HITPOINT WARNING * * *
The bolt of fire hits the orc priest!!
The orc priest dies!
The orc hits you but does no damage.
You are electrocuted!!
You die...

##..........
####.#....#....
##.#............
#...............
........#.......
.$.........o...>
......).)4o.....
......)>@)o.....
.........o#.....
........ooo.....
.#..............
##.............
##.......$....
#.....#......
.#........#.#


You could see a rust devil (summoned), an orc sorcerer, 2 orc warriors, an orc
priest and 3 orcs.

Vanquished Creatures
  Harold (D:7)
  Erolcha (Orc:2)
  A catoblepas (Lair:3)
  6 hydras
  A two-headed ogre (D:8)
  10 death yaks
  Urug (Lair:4)
  Nergalle (Orc:1)
  An orc knight (Orc:2)
  10 orc sorcerers (Orc:2)
  A cyclops (Orc:1)
  A wolf spider (Lair:2)
  12 elephants
  A black mamba (Lair:6)
  A guardian serpent (D:9)
  3 torpor snails (Lair:1)
  A centaur skeleton (D:10)
  27 spiny frogs
  2 rime drakes
  10 komodo dragons
  3 trolls
  A hornet (D:10)
  Grinder (D:5)
  3 tyrant leeches (Lair:6)
  21 blink frogs
  A snapping turtle (Lair:3)
  6 dream sheep (Lair:4)
  4 hippogriffs
  A wraith (D:10)
  15 yaks
  2 basilisks (Lair:2)
  4 wyverns
  3 hungry ghosts
  2 steam dragons
  6 vampire mosquitoes
  4 wargs (Orc:2)
  Menkaure (D:4)
  3 nagas (Lair:3)
  7 water moccasins
  3 porcupines
  2 sky beasts (D:10)
  18 orc warriors
  4 ice beasts
  A phantom (D:10)
  3 black bears
  13 ogres
  3 centaurs
  12 wolves
  9 crocodiles
  An elf zombie (D:6)
  7 big kobolds
  19 bullfrogs
  Blork the orc (D:4)
  2 elf skeletons (D:6)
  3 troll zombies (D:10)
  3 scorpions
  22 killer bees
  4 wights (D:8)
  4 electric eels
  2 crimson imps (D:7)
  2 bullfrog zombies (D:10)
  A quasit (D:10)
  A jelly (D:5)
  12 orc priests
  4 hounds
  A human zombie (Ossuary)
  38 orc wizards
  A gnoll shaman (D:7)
  4 bullfrog skeletons
  Jessica (D:3)
  4 human skeletons (D:6)
  5 iguanas
  5 worker ants
  3 ogre zombies (D:10)
  5 mummies (Ossuary)
  A hound skeleton (D:8)
  8 gnolls
  17 adders
  4 shadow imps
  3 oozes
  2 adder skeletons
  A worm (D:2)
  A dart slug (D:2)
  3 leopard geckos
  75 orcs
  A bat zombie (D:7)
  6 giant cockroaches
  A gnoll zombie (Ossuary)
  8 goblins
  6 hobgoblins
  7 jackals
  40 kobolds
  3 quokkas
  A ball python (D:3)
  10 bats
  3 frilled lizards
  3 goblin skeletons (D:10)
  6 goblin zombies
  5 hobgoblin zombies
  A jackal zombie (D:6)
  2 kobold zombies (Ossuary)
  6 orc skeletons
  7 orc zombies (D:10)
  A quokka skeleton (D:8)
  11 rats
  2 fungi (Lair:3)
  9 plants
657 creatures vanquished.

Vanquished Creatures (collateral kills)
  A centaur (D:8)
  An orc wizard (Orc:2)
2 creatures vanquished.

Vanquished Creatures (others)
  A killer bee (Lair:5)
  An orc priest (Orc:1)
  13 fungi
  41 plants
56 creatures vanquished.

Grand Total: 715 creatures vanquished

Notes
Turn   | Place    | Note
-------+----------+-------------------------------------------
     0 | D:1      | Kerr0r the Hill Orc Berserker began the quest for the Orb.
     0 | D:1      | Reached XP level 1. HP: 19/19 MP: 1/1
   106 | D:1      | Reached XP level 2. HP: 19/27 MP: 2/2
   883 | D:1      | Reached XP level 3. HP: 33/33 MP: 3/3
  1257 | D:2      | Reached ** piety under Trog
  1512 | D:2      | Noticed a scorpion
  1538 | D:2      | Killed a scorpion
  1538 | D:2      | Reached XP level 4. HP: 41/41 MP: 4/4
  2344 | D:2      | Found a faded altar of an unknown god.
  2497 | D:2      | Reached skill level 5 in Axes
  2497 | D:2      | Reached XP level 5. HP: 47/47 MP: 5/5
  3196 | D:3      | Noticed Jessica
  3267 | D:3      | Killed Jessica
  4565 | D:4      | Found Feck's General Store.
  4576 | D:4      | Noticed Menkaure
  4753 | D:4      | Killed Menkaure
  4753 | D:4      | Reached skill level 5 in Fighting
  4753 | D:4      | Reached XP level 6. HP: 33/56 MP: 6/6
  4963 | D:4      | Bought a scroll of remove curse for 42 gold pieces
  4963 | D:4      | Bought a scroll of identify for 28 gold pieces
  5032 | D:4      | Reached *** piety under Trog
  5103 | D:4      | Reached skill level 6 in Axes
  5155 | D:4      | Reached XP level 7. HP: 61/61 MP: 7/7
  5437 | D:4      | Reached skill level 5 in Armour
  5532 | D:4      | Noticed Edmund
  5925 | D:4      | Reached **** piety under Trog
  6007 | D:4      | Noticed Blork the orc
  6016 | D:4      | Killed Blork the orc
  6016 | D:4      | Reached XP level 8. HP: 71/71 MP: 8/8
  6091 | D:4      | Reached skill level 7 in Axes
  6586 | D:4      | Found a radiant altar of Vehumet.
  6590 | D:4      | Found a basalt altar of Yredelemnul.
  6673 | D:5      | Entered Level 5 of the Dungeon
  6756 | D:5      | Found an opulent altar of Gozag.
  7285 | D:5      | Noticed Grinder
  7300 | D:5      | Killed Grinder
  7300 | D:5      | Reached skill level 8 in Axes
  7532 | D:5      | Reached skill level 9 in Axes
  8026 | D:6      | Found a blossoming altar of Fedhas.
  8218 | D:6      | Reached XP level 9. HP: 76/82 MP: 9/9
  8265 | D:6      | Found a sand-covered staircase.
  8282 | Ossuary  | Entered an ossuary
  8644 | Ossuary  | Reached skill level 10 in Axes
  8820 | D:6      | Found a staircase to the Ecumenical Temple.
 10217 | D:7      | Noticed Harold
 10230 | D:7      | Killed Harold
 10230 | D:7      | Reached skill level 10 in Fighting
 10230 | D:7      | Reached skill level 11 in Axes
 10302 | D:7      | Reached ***** piety under Trog
 10485 | D:7      | Reached XP level 10. HP: 93/94 MP: 10/10
 11018 | D:7      | Found a sparkling altar of Nemelex Xobeh.
 11046 | D:7      | Found an ancient bone altar of Kikubaaqudgha.
 11591 | D:8      | Reached skill level 12 in Axes
 11844 | D:8      | Found a staircase to the Lair.
 11929 | D:8      | Noticed a two-headed ogre
 11942 | D:8      | Killed a two-headed ogre
 12720 | D:8      | Reached skill level 1 in Polearms
 13229 | D:9      | Noticed a guardian serpent
 13245 | D:9      | Killed a guardian serpent
 13245 | D:9      | Reached skill level 13 in Axes
 13950 | D:9      | Reached XP level 11. HP: 66/106 MP: 11/11
 14478 | D:9      | Reached skill level 14 in Axes
 15233 | D:9      | Found a hazy altar of Hepliaklqana.
 15234 | D:9      | Found a shimmering altar of Xom.
 15318 | D:10     | Entered Level 10 of the Dungeon
 16064 | D:10     | Received a gift from Trog
 16279 | D:10     | Found a staircase to the Orcish Mines.
 17313 | Lair:1   | Entered Level 1 of the Lair of Beasts
 17478 | Lair:1   | Reached skill level 15 in Axes
 17712 | Lair:1   | Found a gate leading to a gauntlet.
 17721 | Gauntlet | Entered a Gauntlet
 17721 | Gauntlet | Found a large runed translucent door.
 17721 | Gauntlet | Found a large runed translucent door.
 17721 | Gauntlet | Found a large runed translucent door.
 17721 | Gauntlet | Found a large runed translucent door.
 17721 | Gauntlet | Found a large runed translucent door.
 17721 | Gauntlet | Found a large runed translucent door.
 17721 | Gauntlet | Found a runed translucent door.
 17721 | Gauntlet | Found a transporter.
 17721 | Gauntlet | Found a runed translucent door.
 17721 | Gauntlet | Found a large runed translucent door.
 17721 | Gauntlet | Found a large runed translucent door.
 17721 | Gauntlet | Found a large runed translucent door.
 17721 | Gauntlet | Found a large runed translucent door.
 17721 | Gauntlet | Found a large runed translucent door.
 17721 | Gauntlet | Found a large runed translucent door.
 17724 | Gauntlet | Found a transporter.
 17726 | Gauntlet | Noticed a balrug
 17741 | Gauntlet | Found a transporter.
 17744 | Gauntlet | Found a transporter.
 17753 | Gauntlet | Noticed an entropy weaver
 17754 | Gauntlet | Found a transporter.
 17790 | Gauntlet | Noticed a blizzard demon
 18448 | Lair:1   | Found a snail-covered altar of Cheibriados.
 19235 | Lair:2   | Reached XP level 12. HP: 117/117 MP: 4/12
 21042 | Lair:3   | Found a staircase to the Snake Pit.
 21073 | Lair:3   | Received a gift from Trog
 21089 | Lair:3   | Got a transparent battleaxe {god gift}
 21090 | Lair:3   | Identified the +2 battleaxe "Fivu" {flame, Dex+4} (Trog
                  | gifted it to you on level 3 of the Lair of Beasts)
 21193 | Lair:3   | Reached skill level 10 in Armour
 21541 | Lair:3   | Noticed an eight-headed hydra
 21550 | Lair:3   | Killed a six-headed hydra
 21550 | Lair:3   | Reached skill level 15 in Fighting
 21550 | Lair:3   | Reached skill level 16 in Axes
 22442 | Lair:3   | Noticed a catoblepas
 22461 | Lair:3   | Killed a catoblepas
 22576 | Lair:3   | Found a staircase to the Shoals.
 23341 | Lair:4   | Reached XP level 13. HP: 127/127 MP: 13/13
 24125 | Lair:4   | Noticed Urug
 24147 | Lair:4   | Killed Urug
 24927 | Lair:5   | Found a runed translucent door.
 24927 | Lair:5   | Noticed Jabberih's ghost (journeyman DrIE)
 25589 | Lair:5   | Reached skill level 17 in Axes
 26087 | Lair:6   | Entered Level 6 of the Lair of Beasts
 26686 | Lair:6   | Reached XP level 14. HP: 137/137 MP: 14/14
 28017 | Lair:6   | Received a gift from Trog
 28689 | Lair:6   | Reached skill level 18 in Axes
 29008 | Lair:6   | Found a runed translucent door.
 29008 | Lair:6   | Found a viscous altar of Jiyva.
 29008 | Lair:6   | Found a staircase to the Slime Pits.
 29008 | Lair:6   | Noticed an acid blob
 29008 | Lair:6   | Noticed an acid blob
 29482 | Orc:1    | Entered Level 1 of the Orcish Mines
 29540 | Orc:1    | Found a roughly hewn altar of Beogh.
 29916 | Orc:2    | Entered Level 2 of the Orcish Mines
 30175 | Orc:2    | Found a staircase to the Elven Halls.
 30287 | Orc:2    | Received a gift from Trog
 30296 | Orc:2    | Found Ysches's Antique Weapon Shoppe.
 30301 | Orc:2    | Reached skill level 15 in Armour
 30395 | Orc:2    | Found an ancient bone altar of Kikubaaqudgha.
 30410 | Orc:2    | Found Qiucurch's Distillery.
 30463 | Orc:2    | Bought a potion of stabbing for 40 gold pieces
 30463 | Orc:2    | Bought a potion of cancellation for 80 gold pieces
 30463 | Orc:2    | Bought a potion of mutation for 80 gold pieces
 30463 | Orc:2    | Bought 2 potions of berserk rage for 100 gold pieces
 30465 | Orc:2    | Found a radiant altar of Vehumet.
 30466 | Orc:2    | Noticed Erolcha
 30475 | Orc:2    | Killed Erolcha
 30570 | Orc:2    | Found a roughly hewn altar of Beogh.
 30610 | Orc:2    | Paralysed by an orc sorcerer for 5 turns
 30801 | Orc:2    | Found Qonofyj's Book Emporium.
 30855 | Orc:2    | Found Bityanew's Antique Armour Emporium.
 30983 | Orc:2    | Found a roughly hewn altar of Beogh.
 31357 | Orc:2    | Reached XP level 15. HP: 147/147 MP: 15/15
 31758 | Orc:1    | Noticed Nergalle
 31769 | Orc:1    | Killed Nergalle
 31770 | Orc:1    | Paralysed by an orc sorcerer for 6 turns
 31773 | Orc:1    | Slain by an orc

Illustrated notes

Levels and vault maps discovered:
D:1:      minmay_arrival_plants_in_alcoves, layout_basic
D:2:      layout_basic, chequers_ecumenical_altar_island, st_stairs_10,
          minmay_misc_feat_tower, nrook_loot_triangle,
          small_statue_intersection, eino_tiny_chamber
D:3:      layout_basic, serial_co_window_serial, co_window_cross_1,
          co_window_of_opportunity_a, co_window_paths_b, co_window_paths_b,
          co_window_corner_a, co_window_paths_c, co_window_2corner,
          co_window_2corner, co_window_of_opportunity_b, co_window_corner_cb,
          co_window_paths_c, glass_columns_c, glass_columns_a, uniq_jessica
D:4:      minmay_goblin_kobold_castle, layout_basic,
          nicolae_overflow_hidden_temple, serial_shops, shop_fountains,
          uniq_blork_the_orc, uniq_menkaure, uniq_edmund
D:5:      layout_basic, kennysheep_mini, portal_sewer_entry_e, first_ration,
          uniq_grinder
D:6:      layout_layer_cave, fedhas_altar_1, temple_fountains,
          nicolae_ossuary_entry_catacombs
D:7:      layout_layer_cave, lemuel_zombie_altar_kikubaaqudgha,
          nemelex_diamond_rough_becter, uniq_harold
D:8:      layout_gridville, lair_entry_dummy
D:9:      layout_loops_ring, regret_index_temple_of_mockery, blue_anna_alchemist
          [blue_anna_fruit_fields, blue_anna_fruit_fields],
          nrook_guardian_serpent_ordinary
D:10:     layout_cave_pools, zombieorc1_lemuel
Lair:1:   layout_layer_cave, gauntlet_entry_generic, kennysheep_snail_temple
Lair:2:   minmay_lair_venomous_thicket, layout_long_grid, serial_bayou_shore_b,
          grunt_megastairs_4
Lair:3:   layout_regular_city, minmay_shoals_entry_hut,
          minmay_snake_entry_guardpost_small, serial_bayou_lake_a,
          lemuel_fruit_tree
Lair:4:   layout_regular_city, grunt_megastairs_3, uniq_urug
Lair:5:   regret_index_harrowing_hell_hive, layout_cave_pods,
          hellmonk_ghost_happy_afterlife, portal_ice_cave_entry_pillars_2,
          lemuel_fruit_fields
Lair:6:   minmay_lair_end_frog_pond, layout_big_grid, slime_altar_2,
          serial_bayou_shore_b
Orc:1:    layout_caves, basic_altar, mines1_david, uniq_nergalle
Orc:2:    kennysheep_orc_mage_school, layout_diamond_mine, basic_altar

Skill      XL: |  1  2  3  4  5  6  7  8  9 10 11 12 13 14 |
---------------+-------------------------------------------+-----
Fighting       | 4 5 6 8 10 12 14 15 16 17 | 17.2
Dodging        | 2 3 |  3.9
Armour         | 3 4 5 7 11 13 15 | 15.4
Axes           | 5 6 9 11 13 15 16 17 18 | 18.4
Polearms       | 1 |  1.0

Action                   |  1- 3 |  4- 6 |  7- 9 | 10-12 | 13-15 || total
-------------------------+-------+-------+-------+-------+-------++-------
Melee: Hand axe          |    77 |   175 |     5 |       |       ||   257
       War axe           |       |       |   419 |   326 |       ||   745
       Glaive            |       |       |       |     7 |       ||     7
       Broad axe         |       |       |       |   291 |       ||   291
       Battleaxe         |       |       |       |    89 |   529 ||   618
       Executioner's axe |       |       |       |       |    93 ||    93
Throw: Stone             |     1 |       |       |       |       ||     1
Invok: Berserk           |     5 |    10 |    12 |    32 |    22 ||    81
       Brothers in Arms  |       |       |       |     1 |     1 ||     2
       Trog's Hand       |       |       |       |     1 |       ||     1
Evoke: Wand              |       |       |     1 |       |       ||     1
  Use: Scroll            |       |    12 |     5 |    12 |     2 ||    31
       Potion            |       |       |       |     1 |       ||     1
 Stab: Sleeping          |       |     1 |       |       |       ||     1
  Eat: Chunk             |     6 |    17 |    14 |    49 |    44 ||   130
       Ration            |       |     1 |     5 |     7 |     1 ||    14
Armor: Animal skin       |    22 |    31 |       |       |       ||    53
       Chain mail        |       |    37 |   128 |       |       ||   165
       Plate armour      |       |       |    62 |   311 |   356 ||   729
Dodge: Dodged            |    61 |   113 |   196 |   308 |   333 ||  1011
